 Dungeon Crawl Stone Soup version 0.28-a0-1080-g05a166d0ed (webtiles) character file.

Game seed: 7939591828601749185

6076 ragingrage the Bludgeoner (level 10, -2/53 HPs)
             Began as a Gargoyle Warper on Dec 9, 2021.
             Was a Believer of Okawaru.
             Slain by a meliai (6 damage)
             ... on level 8 of the Dungeon.
             The game lasted 00:15:42 (13710 turns).

ragingrage the Bludgeoner (Gargoyle Warper)        Turns: 13710, Time: 00:15:43

Health: -2/53      AC: 17    Str: 16    XL:     10   Next: 88%
Magic:  20/22      EV: 13    Int: 15    God:    Okawaru [**....]
Gold:   84         SH:  0    Dex: 11    Spells: 10/13 levels left

rFire   . . .      SeeInvis .   x - +1 morningstar (freeze)
rCold   . . .      Faith    .   (no shield)
rNeg    + . .      Spirit   .   b - +0 leather armour
rPois   ∞          Reflect  .   (no helmet)
rElec   +          Harm     .   B - +2 cloak {Will+}
rCorr   .          Rampage  .   (no gloves)
Will    +....                   g - +2 pair of boots "Damnable Contraption" {MP+9}
Stlth   ++........              (no amulet)
HPRegen 0.17/turn               (no ring)
MPRegen 0.18/turn               (no ring)

@: heroic
A: sickness immunity, AC +7, negative energy resistance 1, electricity
resistance, torment resistance 1, petrification resistance
a: Renounce Religion, Heroism


You were on level 8 of the Dungeon.
You worshipped Okawaru.
Okawaru was pleased with you.
You visited 2 branches of the dungeon, and saw 9 of its levels.

You collected 350 gold pieces.
You spent 266 gold pieces at shops.

Inventory:

Hand Weapons
 a - a +3 morningstar
 d - a +0 war axe of electrocution
 x - a +1 morningstar of freezing (weapon)
Missiles
 i - 300 stones
 p - 15 poisoned darts (quivered)
 t - 5 boomerangs
 D - a curare-tipped dart
Armour
 b - a +0 leather armour (worn)
 g - the +2 pair of boots "Damnable Contraption" (worn) {MP+9}
   (You bought it in a shop on level 3 of the Dungeon)

   MP:        It affects your magic capacity (+9).
 B - a +2 cloak of willpower (worn)
Wands
 j - a wand of acid (10)
 m - a wand of paralysis (3)
 s - a wand of iceblast (24)
 y - a wand of mindburst (12)
Scrolls
 c - 3 scrolls of blinking
 e - a scroll of holy word {unknown}
 f - 3 scrolls of teleportation
 l - a scroll of acquirement {unknown}
 q - a scroll of enchant weapon {unknown}
 r - 3 scrolls of identify
 v - a scroll of fear {unknown}
Potions
 h - 2 potions of heal wounds
 k - 2 potions of curing
 n - a potion of might
 o - a potion of mutation {unknown}
 u - a potion of resistance {unknown}
 w - a potion of cancellation {unknown}
 z - a potion of flight {unknown}
 A - a potion of haste
 C - 2 potions of invisibility {unknown}


   Skills:
 - Level 2.1(7.1) Fighting
 * Level 15.8(20.8) Maces & Flails
 - Level 0.8(5.8) Throwing
 - Level 1.1(6.1) Armour
 - Level 1.5(6.5) Dodging
 - Level 2.0 Spellcasting
 - Level 2.6 Translocations


You had 10 spell levels left.
You knew the following spells:

 Your Spells              Type           Power      Damage    Failure   Level
a - Blink                 Tloc           18%        N/A       13%         2
b - Foxfire               Conj/Fire      4%         2x1d4     26%         1

Your spell library contained the following spells:

 Spells                   Type           Power      Damage    Failure   Level
 Beastly Appendage        Tmut           2%         N/A       26%         1
 Magic Dart               Conj           4%         1d3       26%         1
 Gell's Gravitas          Tloc           9%         N/A       26%         3
 Lesser Beckoning         Tloc           9%         N/A       26%         3
 Teleport Other           Tloc           9%         N/A       26%         3
 Wereblood                Tmut           1%         N/A       36%         2
 Conjure Flame            Conj/Fire      1%         6-21      61%         3
 Inner Flame              Hex/Fire       1%         N/A       61%         3
 Mephitic Cloud           Conj/Pois/Air  1%         N/A       61%         3
 Spider Form              Tmut/Pois      1%         N/A       61%         3
 Manifold Assault         Tloc           9%         N/A       94%         5
 Flame Wave               Conj/Fire      1%         2d4       95%         4
 Call Imp                 Summ           Unusable   N/A       N/A         2

Dungeon Overview and Level Annotations

Branches:
Dungeon (8/15)             Temple (1/1) D:7            Lair (0/6) D:8

Altars:
Ashenzari
Cheibriados
Dithmenos
Elyvilon
Fedhas
Gozag
Hepliaklqana
Kikubaaqudgha
Makhleb
Nemelex Xobeh
Okawaru
Qazlal
Ru
Sif Muna
Trog
Uskayaw
Vehumet
Wu Jian
Xom
Yredelemnul
Zin
The Shining One

Shops:
D:3 [

Annotations:
D:5 exclusion: downstairs


Innate Abilities, Weirdness & Mutations

You are immune to sickness and miasma.
Your stone body is resilient. (AC +7)
You are immune to poison.
You resist negative energy. (rN+)
You are resistant to electric shocks. (rElec)
You are resistant to unholy torment.
You are immune to petrification.


Message History

There is an open door here.
A meliai comes into view. It is wielding a +0 hand axe.
The meliai buzzes angrily.
The meliai hits you but does no damage. The meliai stings you.
A meliai is nearby!
A meliai is nearby!
A meliai is nearby!
You hit the meliai but do no damage. The meliai hits you but does no damage.
The meliai completely misses you. The meliai hits you with a +0 hand axe!
The meliai misses you.
Okay, then.
You gain the combat prowess of a mighty hero.
The meliai hits you with a +0 hand axe! The meliai closely misses you.
The meliai hits you but does no damage. The meliai closely misses you.
Press: ? - help, v - describe, . - travel
Here: a meliai, wielding a +0 hand axe and wearing a +0 leather armour The floor.
Unknown command.
Throw: 18 darts (poison)
Press: ? - help, Q - select action, (/) - cycle Shift-Dir - straight line, f - meliai
Aim: a meliai, wielding a +0 hand axe and wearing a +0 leather armour (48% to hit)
You throw a poisoned dart. The poisoned dart misses the meliai.
The meliai barely misses you. The meliai misses you.
Throw: 17 darts (poison)
Press: ? - help, Q - select action, (/) - cycle Shift-Dir - straight line, f/p - meliai
Aim: a meliai, wielding a +0 hand axe and wearing a +0 leather armour (48% to hit)
You throw a poisoned dart. The poisoned dart hits the meliai!
The meliai is poisoned.
The meliai mumbles some strange prayers to its god against you.
Something smites you! The meliai barely misses you. The meliai stings you.
* * * LOW HITPOINT WARNING * * *
Throw: 16 darts (poison)
Press: ? - help, Q - select action, (/) - cycle Shift-Dir - straight line, f/p - meliai
Aim: a meliai, wielding a +0 hand axe and wearing a +0 leather armour (lightly wounded, very poisoned, 48% to hit)
You throw a poisoned dart.
The poisoned dart barely misses the meliai.
The meliai hits you with a +0 hand axe!
* * * LOW HITPOINT WARNING * * *
The meliai stings you.
You die...

#.###..#######.....##
####.# #.#
#..##.........## #.#
#.# #..##.######.##
#.# #.# #..##.# ####
#.# #.###..##.####..
####### #.#
#...........#.#
.#....# #.#
#########.#.'.#
.####.# #.#
#.###.###y# ##.## #.#
#.# ##..@#
#...#####.# #.. #####
#.#.......# ### #.#
#...####### #.# #####
####.# #>##.#####
#### #........# ..#
##.#.###.# #.# #.#.#
#.#


You could see a meliai (very poisoned).

Vanquished Creatures
  Harold (D:8)
  A two-headed ogre (D:8)
  Pikel (D:7)
  Maurice (D:8)
  Joseph (D:7)
  Psyche (D:8)
  Prince Ribbit (D:7)
  Sigmund (D:5)
  A water moccasin (D:8)
  4 sky beasts
  A black bear (D:5)
  3 ice beasts
  An ogre (D:5)
  A necrophage (D:5)
  2 orc warriors (D:8)
  2 phantoms
  3 lemures
  A kobold brigand (D:7)
  2 bullfrogs
  A scorpion (D:5)
  6 killer bees (D:8)
  5 wights (D:6)
  3 bullfrog zombies (D:5)
  3 hounds
  An orc priest (D:8)
  2 gnoll shamans
  Crazy Yiuf (D:2)
  A bullfrog skeleton (D:5)
  A centaur skeleton (D:7)
  A jelly (D:5)
  Ijyb (D:3)
  Jessica (D:3)
  Natasha (thrice) (D:4)
  2 iguanas (D:5)
  6 orc wizards
  A hound zombie (D:5)
  2 hound skeletons
  10 gnolls
  11 adders
  A howler monkey skeleton (D:5)
  2 shadow imps (D:5)
  2 adder skeletons
  2 worms (D:4)
  2 dart slugs
  24 orcs
  7 ball pythons
  6 bats
  5 endoplasms
  4 giant cockroaches
  5 hobgoblins
  2 jackals (D:4)
  9 kobolds
  2 quokkas (D:4)
  2 frilled lizards (D:1)
  2 goblins (D:1)
  3 rats
  A spectral orc (D:3)
172 creatures vanquished.

Vanquished Creatures (others)
  An orc wizard (D:6)
  2 kobolds (D:7)
  55 foxfires (D:6)
58 creatures vanquished.

Grand Total: 230 creatures vanquished

Notes
Turn   | Place    | Note
-------+----------+-------------------------------------------
     0 | D:1      | ragingrage the Gargoyle Warper began the quest for the Orb.
     0 | D:1      | Reached XP level 1. HP: 12/12 MP: 3/3
   344 | D:1      | Reached XP level 2. HP: 17/17 MP: 5/5
   520 | D:1      | Reached skill level 3 in Maces & Flails
   646 | D:1      | Learned a level 2 spell: Blink
   935 | D:1      | Reached XP level 3. HP: 14/21 MP: 6/6
  1449 | D:2      | Found a runed translucent door.
  1450 | D:2      | Noticed Crazy Yiuf
  1545 | D:2      | Found a faded altar of an unknown god.
  1628 | D:2      | Found a broken altar of Ashenzari.
  1800 | D:2      | Reached skill level 4 in Maces & Flails
  2137 | D:2      | Reached XP level 4. HP: 23/26 MP: 7/7
  2189 | D:3      | Found Ocale's Antique Armour Shoppe.
  2237 | D:3      | Noticed Ijyb
  2237 | D:3      | Paralysed by Ijyb for 6 turns
  2262 | D:3      | Paralysed by Ijyb for 3 turns
  2270 | D:3      | Paralysed by Ijyb for 5 turns
  2281 | D:3      | Killed Ijyb
  2674 | D:3      | Noticed a sky beast
  2699 | D:4      | Identified the +2 pair of boots of Hual {rPois}
  2883 | D:4      | Reached skill level 5 in Maces & Flails
  3032 | D:4      | Reached XP level 5. HP: 30/30 MP: 8/8
  3371 | D:4      | Noticed Natasha
  3385 | D:4      | Killed Natasha
  4060 | D:4      | Noticed a phantom
  4164 | D:3      | Killed a sky beast
  4165 | D:3      | Reached skill level 6 in Maces & Flails
  4165 | D:3      | Reached XP level 6. HP: 28/35 MP: 9/9
  4315 | D:3      | Found a basalt altar of Yredelemnul.
  4663 | D:4      | Noticed Natasha
  4673 | D:4      | Killed Natasha
  4674 | D:4      | Reached skill level 7 in Maces & Flails
  5072 | D:4      | Noticed Natasha
  5085 | D:4      | Killed Natasha
  5308 | D:5      | Entered Level 5 of the Dungeon
  5326 | D:5      | Noticed a black bear
  5345 | D:5      | Killed a black bear
  5346 | D:5      | Reached XP level 7. HP: 21/40 MP: 10/10
  5758 | D:5      | Reached skill level 8 in Maces & Flails
  6188 | D:5      | Noticed Sigmund
  6203 | D:5      | Reached skill level 9 in Maces & Flails
  6203 | D:5      | Reached XP level 8. HP: 27/44 MP: 11/11
  6211 | D:5      | Killed Sigmund
  6410 | D:5      | Reached skill level 10 in Maces & Flails
  6602 | D:5      | HP: 2/44 [ogre (23)]
  7350 | D:3      | Bought a pair of bloodstained boots for 266 gold pieces
  7350 | D:3      | Identified the +2 pair of boots "Damnable Contraption"
                  | {MP+9} (You bought it in a shop on level 3 of the Dungeon)
  7886 | D:5      | Reached skill level 11 in Maces & Flails
  8287 | D:6      | Learned a level 1 spell: Foxfire
  8588 | D:5      | Reached XP level 9. HP: 45/48 MP: 12/12
  9035 | D:7      | Noticed Joseph
  9448 | D:6      | Reached skill level 12 in Maces & Flails
 10204 | D:2      | Killed Crazy Yiuf
 10287 | D:3      | Noticed Jessica
 10290 | D:3      | Killed Jessica
 10521 | D:7      | Killed Joseph
 10532 | D:7      | Noticed Prince Ribbit
 10552 | D:7      | Killed Prince Ribbit
 10553 | D:7      | Reached skill level 13 in Maces & Flails
 10831 | D:7      | Found a staircase to the Ecumenical Temple.
 10837 | Temple   | Entered the Ecumenical Temple
 11080 | Temple   | Became a worshipper of Warmaster Okawaru
 11580 | D:7      | Noticed Pikel
 11924 | D:8      | Reached XP level 10. HP: 26/53 MP: 13/13
 12247 | D:8      | Noticed a two-headed ogre
 12287 | D:8      | Killed a two-headed ogre
 12288 | D:8      | Reached skill level 14 in Maces & Flails
 12495 | D:8      | Noticed Harold
 12561 | D:8      | Found a staircase to the Lair.
 12852 | D:7      | Killed Pikel
 12852 | D:7      | Reached * piety under Okawaru
 13140 | D:8      | Noticed Psyche
 13150 | D:8      | Killed Psyche
 13151 | D:8      | Reached skill level 15 in Maces & Flails
 13238 | D:8      | Noticed Maurice
 13245 | D:8      | Killed Maurice
 13417 | D:8      | Killed Harold
 13417 | D:8      | Reached ** piety under Okawaru
 13710 | D:8      | Slain by a meliai

Illustrated notes

Levels and vault maps discovered:
D:1:      lemuel_arrival_rhombus, layout_basic
D:2:      layout_loops_ring, basic_ecumenical_altar, basic_altar,
          uniq_crazy_yiuf_cottage
D:3:      layout_basic, yredelemnul_forgotten_temple_becter, serial_shops,
          nicolae_shop_hallway_plus, uniq_ijyb, uniq_jessica
D:4:      layout_loops_corners, uniq_natasha
D:5:      layout_gridville, minmay_joined_circles, uniq_sigmund
D:6:      layout_rooms, minmay_misc_feat_pillars, fountainhead
D:7:      layout_basic, minmay_temple_entry_fiery, uniq_joseph,
          uniq_prince_ribbit1, uniq_pikel
D:8:      layout_loops_corners, lair_entry_dummy, minmay_crystal_room,
          kennysheep_just_a_vault, uniq_maurice, uniq_psyche, uniq_harold
Temple:   mainiacjoe_temple_starburst

Skill      XL: |  1  2  3  4  5  6  7  8  9 10 |
---------------+-------------------------------+-----
Maces & Flails | 3 4 5 6 7 9 11 13 15 | 15.8
Fighting       | |  2.1
Throwing       | |  0.8
Armour         | |  1.1
Dodging        | |  1.5
Spellcasting   | |  2.0
Translocations | |  2.6

Action                   |  1- 3 |  4- 6 |  7- 9 | 10-12 || total
-------------------------+-------+-------+-------+-------++-------
Melee: Mace              |   118 |   246 |   323 |       ||   687
       Morningstar       |       |       |   155 |    88 ||   243
Throw: Stone             |     3 |    19 |     9 |       ||    31
       Dart              |       |    30 |    36 |    23 ||    89
       Boomerang         |       |     3 |     2 |       ||     5
 Cast: Foxfire           |       |       |    32 |       ||    32
       Blink             |       |       |     1 |     3 ||     4
Invok: Heroism           |       |       |       |     3 ||     3
Evoke: Wand              |       |       |     2 |     3 ||     5
  Use: Scroll            |       |     6 |       |     3 ||     9
       Potion            |       |     3 |     2 |     1 ||     6
 Stab: Paralysed         |       |       |     4 |     3 ||     7
Armor: Leather armour    |    53 |   141 |   234 |    34 ||   462
Dodge: Dodged            |    92 |   137 |   207 |    30 ||   466

Table legend: (Time is in decaauts)
 A = Elapsed time spent in this place.
 B = Non-inter-level travel time spent in this place.
 C = Inter-level travel time spent in this place.
 D = Time resting spent in this place.
 E = Time spent auto-exploring this place.
 F = Levels seen in this place.
 G = Mean time per level.
                   A        B        C        D        E       F      G
               +--------+--------+--------+--------+--------+-----+--------+
         Total |  13718 |  12718 |   1000 |   2866 |   7392 |   9 | 1524.2 |
       Dungeon |  13149 |  12194 |    955 |   2866 |   6873 |   8 | 1643.6 |
        Temple |    568 |    523 |     45 |      0 |    519 |   1 |  568.0 |
               +--------+--------+--------+--------+--------+-----+--------+

Top non-repeatable levels by time:
     D:5: 2832 daAuts
     D:4: 2498 daAuts
     D:8: 1661 daAuts
     D:3: 1571 daAuts
     D:7: 1347 daAuts
     D:1: 1160 daAuts
     D:6: 1060 daAuts
     D:2: 1018 daAuts
  Temple: 568 daAuts
